[Event "Titled Tuesday Blitz January 03 Late 2023"]
[White "Della Corte, Alessandro"]
[Black "Clawitter, Craig"]
[WhiteFideId "813540"]
[BlackFideId "2023105"]
[WhiteElo "2160"]
[BlackElo "2050"]
[Result "1-0"]
[Round "05"]
[TimeControl "180+2"]
[Date "2023.01.03"]
[WhiteClock "0:01:40"]
[BlackClock "0:00:02"]

1. d4 e6 2. c4 Nf6 3. Nf3 d5 4. Nc3 c6 5. Bg5 h6 6. Bxf6 Qxf6 7. e4 dxe4 8. Nxe4 Bb4+ 9. Ke2 Qd8 10. g3 O-O 11. Bg2 Nd7 12. Qc2 f5 13. Nc3 c5 14. Rhd1 Qf6 15. a3 Ba5 16. dxc5 Bxc3 17. Qxc3 Qxc3 18. bxc3 Nxc5 19. Ne5 Rb8 20. Rab1 b6 21. Rd6 Bb7 22. Bxb7 Rxb7 23. Rbd1 Ne4 24. R6d3 Rc8 25. f3 Nc5 26. Rd8+ Rxd8 27. Rxd8+ Kh7 28. h4 h5 29. Ke3 Rc7 30. Kf4 Na4 31. g4 fxg4 32. fxg4 hxg4 33. h5 Nc5 34. Ng6 e5+ 35. Kxg4 Ne6 36. Rh8# 1-0


[Site "https://www.chess.com"]

[Event "Titled Tuesday Blitz January 03 Late 2023"]
[White "Silvestre, Christian"]
[Black "Hernandez Bonilla, Amelia"]
[WhiteFideId "30956269"]
[BlackFideId "3900193"]
[WhiteElo "1942"]
[BlackElo "1960"]
[Result "0-1"]
[Round "05"]
[TimeControl "180+2"]
[Date "2023.01.03"]
[WhiteClock "0:01:50"]
[BlackClock "0:00:21"]

1. e4 c5 2. f4 Nc6 3. Nc3 g6 4. Bc4 Bg7 5. Nf3 e6 6. O-O Nge7 7. Kh1 O-O 8. d3 Na5 9. Bb3 Nxb3 10. axb3 d6 11. Qe1 f5 12. Qh4 Bd7 13. Bd2 Nc6 14. Qh3 fxe4 15. dxe4 e5 16. Qg3 exf4 17. Bxf4 Rxf4 18. Qxf4 Ne5 19. Nd5 Bc6 20. Nxe5 Bxe5 21. Qf7+ Kh8 22. c3 Qh4 23. h3 Qg3 24. Rf4 Bxd5 25. exd5 Qxf4 26. Qxf4 Bxf4 27. Rf1 g5 28. Rf3 Kg7 29. g3 Be5 30. Re3 a5 31. Kg2 a4 32. bxa4 Rxa4 33. Kf3 Ra2 34. Re2 Kf6 35. h4 gxh4 36. gxh4 Kf5 37. Rg2 Bf6 38. Re2 Bxh4 39. Rh2 Bf6 40. Rh5+ Kg6 41. Rh2 h5 42. Rg2+ Kf5 43. Rh2 h4 44. Rf2 b5 45. Ke3+ Ke5 46. Kd3 c4+ 47. Kc2 Bg5 48. Rg2 Kf5 49. Rf2+ Bf4 50. Kd1 Ra1+ 51. Ke2 h3 52. Kf3 h2 53. Rxh2 Bxh2 54. Ke3 Rb1 55. Kd4 Rxb2 56. Ke3 Be5 57. Kf3 Bxc3 58. Ke3 b4 59. Kf3 Be5 60. Ke3 b3 61. Kf3 Rc2 62. Ke3 b2 63. Kf3 b1=Q 64. Ke3 Qe1+ 65. Kf3 Rf2# 0-1


[Site "https://www.chess.com"]

[Event "Titled Tuesday Blitz January 03 Late 2023"]
[White "Seletsky, Grigory"]
[Black "Smith, Garrett L"]
[WhiteFideId "14112191"]
[BlackFideId "2024829"]
[WhiteElo "2259"]
[BlackElo "2047"]
[Result "1-0"]
[Round "05"]
[TimeControl "180+2"]
[Date "2023.01.03"]
[WhiteClock "0:00:58"]
[BlackClock "0:00:39"]

1. e4 c5 2. Nc3 Nc6 3. d3 g6 4. Be3 b6 5. d4 cxd4 6. Bxd4 Nxd4 7. Qxd4 Nf6 8. O-O-O Bg7 9. e5 Nh5 10. Nf3 d6 11. Qa4+ Bd7 12. Bb5 a6 13. Bxd7+ Qxd7 14. exd6 exd6 15. Rhe1+ Kd8 16. Qxd7+ Kxd7 17. Nd5 Rae8 18. Nxb6+ Kc6 19. Nc4 Rxe1 20. Rxe1 d5 21. Nce5+ Kc5 22. Nxf7 Rf8 23. N7e5 Rf4 24. Nd3+ 1-0


[Site "https://www.chess.com"]

[Event "Titled Tuesday Blitz January 03 Late 2023"]
[White "Nissinen, Niilo Man"]
[Black "Andrews, Todd"]
[WhiteFideId "30950767"]
[BlackFideId "2012456"]
[WhiteElo "1958"]
[BlackElo "2220"]
[Result "0-1"]
[Round "05"]
[TimeControl "180+2"]
[Date "2023.01.03"]
[WhiteClock "0:00:10"]
[BlackClock "0:01:17"]

1. e4 e6 2. d4 d5 3. Nc3 Bb4 4. e5 c5 5. a3 Bxc3+ 6. bxc3 Ne7 7. Nf3 Bd7 8. c4 cxd4 9. Qxd4 Bc6 10. cxd5 Qxd5 11. Qxd5 Nxd5 12. Bb2 Nd7 13. O-O-O O-O 14. Bd3 Rfc8 15. Be4 N7b6 16. Nd4 Ba4 17. Kb1 Nc3+ 18. Bxc3 Rxc3 19. Kb2 Rc5 20. f4 Nc4+ 21. Kc3 Ne3+ 22. Kd3 Nxd1 23. Rxd1 Rd8 24. Rb1 Bxc2+ 0-1


[Site "https://www.chess.com"]

[Event "Titled Tuesday Blitz January 03 Late 2023"]
[White "Dudzinski, Pawel"]
[Black "Tamarozi, Isabelle"]
[WhiteFideId "1117890"]
[BlackFideId "2132400"]
[WhiteElo "2186"]
[BlackElo "1982"]
[Result "1-0"]
[Round "05"]
[TimeControl "180+2"]
[Date "2023.01.03"]
[WhiteClock "0:00:11"]
[BlackClock "0:00:01"]

1. e4 c5 2. Nc3 g6 3. g3 Bg7 4. Bg2 Nc6 5. d3 d6 6. Be3 e6 7. Qd2 Nge7 8. Bh6 O-O 9. h4 Nd4 10. O-O-O b5 11. h5 Qa5 12. Kb1 b4 13. Nce2 Nec6 14. Bxg7 Kxg7 15. hxg6 fxg6 16. Qh6+ Kf7 17. Qxh7+ Ke8 18. Qxg6+ Kd8 19. Nxd4 Nxd4 20. Rh7 Bd7 21. Qg7 Be8 22. Qe7+ Kc8 23. Qxf8 Qd8 24. Rh8 Kb7 25. Qxe8 Qxe8 26. Rxe8 Rxe8 27. c3 bxc3 28. bxc3 Nb5 29. Kc2 Kc7 30. a4 1-0


[Site "https://www.chess.com"]

[Event "Titled Tuesday Blitz January 03 Late 2023"]
[White "Novikova, Galina"]
[Black "Harish, Neeraj"]
[WhiteFideId "4157095"]
[BlackFideId "30958130"]
[WhiteElo "2073"]
[BlackElo "2232"]
[Result "1-0"]
[Round "05"]
[TimeControl "180+2"]
[Date "2023.01.03"]
[WhiteClock "0:01:21"]
[BlackClock "0:00:03"]

1. d4 d5 2. Nc3 Nf6 3. Bf4 g6 4. e3 Bg7 5. h4 O-O 6. h5 c5 7. hxg6 hxg6 8. Qd2 Nc6 9. f3 Nh5 10. Bg5 Ng3 11. Rh2 Nxf1 12. Kxf1 cxd4 13. exd4 Nxd4 14. Bh6 Nf5 15. Bxg7 Kxg7 16. g4 Rh8 17. gxf5 Rxh2 18. Qxh2 Bxf5 19. Qe5+ f6 20. Qxd5 Qc7 21. Rd1 Bxc2 22. Qd7 Qc4+ 23. Kf2 Bxd1 24. Qxe7+ Kh6 25. Qe3+ Kg7 26. Nxd1 Rd8 27. Nc3 Qf7 28. Nge2 Rd7 29. Nf4 Re7 30. Qd2 Re5 31. Ne4 Qc4 32. Qd7+ 1-0


[Site "https://www.chess.com"]

[Event "Titled Tuesday Blitz January 03 Late 2023"]
[White "Desideri, Ricardo Maruchi"]
[Black "Gomes, Luiz Alexandre de Souza"]
[WhiteFideId "2110440"]
[BlackFideId "2102790"]
[WhiteElo "1959"]
[BlackElo "2254"]
[Result "0-1"]
[Round "05"]
[TimeControl "180+2"]
[Date "2023.01.03"]
[WhiteClock "0:00:12"]
[BlackClock "0:02:03"]

1. e4 c5 2. Nf3 d6 3. d4 cxd4 4. Nxd4 Nf6 5. Nc3 a6 6. Rg1 g6 7. g4 h6 8. h4 Bg7 9. g5 hxg5 10. hxg5 Nh5 11. Be3 b5 12. a3 Bb7 13. Qd2 Nd7 14. f4 Rc8 15. O-O-O Nb6 16. Kb1 Qc7 17. f5 Be5 18. fxg6 fxg6 19. Ne6 Qd7 20. Bh3 Qc6 21. Bxb6 Qxb6 22. Nd5 Bxd5 23. Qxd5 Qc6 24. Qb3 Qc4 25. Qf3 Qxc2+ 0-1


[Site "https://www.chess.com"]

[Event "Titled Tuesday Blitz January 03 Late 2023"]
[White "Mathur, Rithwik"]
[Black "Balint, Vilmos"]
[WhiteFideId "30913667"]
[BlackFideId "718050"]
[WhiteElo "2111"]
[BlackElo "2169"]
[Result "1/2-1/2"]
[Round "05"]
[TimeControl "180+2"]
[Date "2023.01.03"]
[WhiteClock "0:00:15"]
[BlackClock "0:01:59"]

1. d4 Nf6 2. Nf3 g6 3. g3 Bg7 4. Bg2 O-O 5. O-O d6 6. b3 Nc6 7. Bb2 Re8 8. c4 e5 9. dxe5 Nxe5 10. Nxe5 dxe5 11. Qxd8 Rxd8 12. Bxe5 c6 13. Nc3 Bg4 14. Rad1 Kf8 15. h3 Bf5 16. Rxd8+ Rxd8 17. Rd1 Rxd1+ 18. Nxd1 Bb1 19. Nc3 Bc2 20. Na4 Nd7 21. Bxg7+ Kxg7 22. f4 Kf6 23. e4 Ke6 24. Kf2 Kd6 25. Ke3 Nc5 26. Nc3 f6 27. b4 Na6 28. a3 Nc7 29. g4 Bb3 30. c5+ Ke7 31. Ne2 Nb5 32. Nd4 Nxa3 33. Nxb3 Nc2+ 34. Kd3 Nxb4+ 35. Kc3 Na6 36. Kc4 Kd7 37. Nd4 b6 38. cxb6 axb6 39. e5 c5 40. Nb5 fxe5 41. fxe5 Ke6 42. Bd5+ Kxe5 43. Bg8 h6 44. Bh7 g5 45. Bf5 Nb4 46. Nc3 Kf4 47. Kb5 Kg3 48. Kxb6 Kxh3 49. Kxc5 Na6+ 50. Kd6 Kh4 51. Ne4 h5 52. gxh5 Kxh5 53. Ke5 Nb4 54. Kf6 g4 55. Ng3+ Kh4 56. Ne4 g3 57. Nxg3 Kxg3 1/2-1/2


[Site "https://www.chess.com"]

[Event "Titled Tuesday Blitz January 03 Late 2023"]
[White "Lock, Gavin R"]
[Black "Mitrovic, Darko R"]
[WhiteFideId "408646"]
[BlackFideId "927023"]
[WhiteElo "2083"]
[BlackElo "2220"]
[Result "0-1"]
[Round "05"]
[TimeControl "180+2"]
[Date "2023.01.03"]
[WhiteClock "0:00:47"]
[BlackClock "0:00:05"]

1. d4 Nf6 2. Bf4 d5 3. e3 e6 4. Nf3 Bd6 5. Nbd2 Bxf4 6. exf4 O-O 7. c3 b6 8. h4 a5 9. a4 c5 10. h5 Qd6 11. g3 h6 12. Bb5 Ba6 13. Bxa6 Nxa6 14. Kf1 Nc7 15. Kg2 b5 16. axb5 Nxb5 17. dxc5 Qxc5 18. Nb3 Qb6 19. Ra2 a4 20. Nbd4 Nxd4 21. Qxd4 Qb3 22. Rha1 Rfc8 23. Ne5 a3 24. Rxa3 Rxa3 25. bxa3 Rxc3 26. a4 Qb2 27. Re1 Rxg3+ 0-1


[Site "https://www.chess.com"]

[Event "Titled Tuesday Blitz January 03 Late 2023"]
[White "Sloan, Julia Elizabeth"]
[Black "Ardila, Oscar Humberto"]
[WhiteFideId "2018950"]
[BlackFideId "4404742"]
[WhiteElo "2087"]
[BlackElo "1982"]
[Result "1-0"]
[Round "05"]
[TimeControl "180+2"]
[Date "2023.01.03"]
[WhiteClock "0:01:13"]
[BlackClock "0:00:47"]

1. d4 Nf6 2. c4 g6 3. f3 Bg7 4. e4 d6 5. Nc3 O-O 6. Bg5 e5 7. dxe5 dxe5 8. Qxd8 Rxd8 9. Bxf6 Bxf6 10. Nd5 Rxd5 11. cxd5 Be7 12. Bc4 Bd6 13. Ne2 Nd7 14. O-O f5 15. a4 Nf6 16. Nc3 a6 17. Rfb1 Bd7 18. h3 Kg7 19. b4 Rf8 20. a5 Nh5 21. b5 Bc5+ 22. Kh2 Bd4 23. Ra3 axb5 24. Bxb5 Bc8 25. Ne2 Bc5 26. Rc3 Bd6 27. g4 fxg4 28. fxg4 Rf2+ 29. Kg1 Rxe2 30. Bxe2 Nf4 31. Bf1 Kf6 32. Rbc1 Ke7 33. Rxc7+ Bxc7 34. Rxc7+ Bd7 35. Rxb7 Kd6 36. Rb6+ Kc7 37. Rf6 Ba4 38. a6 Bc2 39. a7 Kb7 40. Rf7+ Ka8 41. d6 Bxe4 42. d7 Ne6 43. d8=Q+ Nxd8 44. Rf8 Kxa7 45. Rxd8 Bf3 46. Rd7+ Kb6 47. Rxh7 Kc5 48. Rg7 Be4 49. Kf2 Kd4 50. Bg2 Bb1 51. h4 e4 52. h5 e3+ 53. Ke1 gxh5 54. gxh5 Ke5 55. h6 Kf6 56. Ke2 Bf5 57. Kxe3 Bb1 58. Kf4 Bc2 59. Be4 Bb3 60. Rg1 1-0


[Site "https://www.chess.com"]

[Event "Titled Tuesday Blitz January 03 Late 2023"]
[White "Le Goff, Ronan"]
[Black "Dias, Joao Batista"]
[WhiteFideId "612073"]
[BlackFideId "2108240"]
[WhiteElo "2320"]
[BlackElo "1796"]
[Result "1-0"]
[Round "05"]
[TimeControl "180+2"]
[Date "2023.01.03"]
[WhiteClock "0:00:30"]
[BlackClock "0:00:42"]

1. d4 d5 2. c4 Nf6 3. cxd5 Nxd5 4. e4 Nf6 5. Nc3 e6 6. Nf3 Nbd7 7. Bd3 Bb4 8. O-O O-O 9. Bg5 Be7 10. Rc1 h6 11. Bh4 c6 12. Bb1 Nh7 13. Bg3 g6 14. Qd2 Ng5 15. e5 Nxf3+ 16. gxf3 Bg5 17. f4 Bh4 18. Ne4 Kg7 19. Kg2 Bxg3 20. hxg3 Rh8 21. Rh1 h5 22. Bd3 Qe7 23. Nd6 Nb6 24. g4 Bd7 25. gxh5 Rxh5 26. Rxh5 gxh5 27. Rh1 Rh8 28. Kf1 Nd5 29. Nxb7 h4 30. Nd6 h3 31. Be4 Qh4 32. Bxd5 cxd5 33. Qe3 h2 34. Qg3+ Qxg3 35. fxg3 Rb8 36. Rxh2 Rb4 37. Rd2 Kg6 38. g4 f6 39. Kf2 fxe5 40. fxe5 Kg5 41. Kg3 a5 42. Nf7+ Kg6 43. Nd6 Kg5 44. b3 a4 45. Rd3 axb3 46. axb3 Rb8 47. Rf3 Rb4 48. Rf7 Rxd4 49. Rg7+ Kh6 50. Rxd7 Rd3+ 51. Kh4 Rxb3 52. Nf7+ Kg6 53. Nd8 Re3 54. Nxe6 Rxe5 55. Nf4+ Kh6 56. Rd6+ Kg7 57. Rxd5 Re1 58. Rd7+ Kg8 59. Kg5 Re5+ 60. Kf6 Re1 61. g5 Rf1 62. Rd8+ Kh7 63. g6+ Kh6 64. Rh8# 1-0


[Site "https://www.chess.com"]

[Event "Titled Tuesday Blitz January 03 Late 2023"]
[White "Meduri, Aakaash"]
[Black "Souza, Gustavo Horokoski De"]
[WhiteFideId "2032252"]
[BlackFideId "2146584"]
[WhiteElo "2061"]
[BlackElo "1943"]
[Result "1/2-1/2"]
[Round "05"]
[TimeControl "180+2"]
[Date "2023.01.03"]
[WhiteClock "0:01:02"]
[BlackClock "0:00:25"]

1. d4 Nf6 2. c4 c5 3. d5 e6 4. Nf3 exd5 5. cxd5 d6 6. Nc3 g6 7. e4 Bg7 8. Be2 Bg4 9. h3 Bxf3 10. Bxf3 O-O 11. O-O Nbd7 12. Re1 a6 13. a4 c4 14. Be3 Rc8 15. Rc1 Nc5 16. Bxc5 Rxc5 17. e5 dxe5 18. d6 e4 19. Nxe4 Nxe4 20. Bxe4 Bxb2 21. Rc2 Be5 22. Bxb7 Qxd6 23. Qxd6 Bxd6 24. Bxa6 Ra8 25. Bb5 c3 26. Kf1 Re5 27. Rxe5 Bxe5 28. Ke2 Kf8 29. Kd3 Ke7 30. Kc4 Kd6 31. Kb4 Kc7 32. a5 Rd8 33. a6 Kb6 34. Be2 Rd2 35. Rxd2 cxd2 36. g3 f6 37. f4 Bd4 38. g4 g5 39. Kc4 Be3 40. fxg5 fxg5 41. Kd5 d1=Q+ 42. Bxd1 Kxa6 43. Ke5 Bf4+ 44. Kf6 Kb6 45. Kg7 Kc7 46. Kxh7 Kd8 47. Kg6 Bd2 48. Kf5 Ke7 49. Bb3 Kf8 50. Ke4 Kg7 51. Kf5 Bf4 52. h4 Bc1 53. h5 Bf4 54. Bc2 Kh6 55. Kf6 Bc1 56. Bf5 Bf4 57. Ke6 Bc1 58. Kd5 Bf4 59. Ke4 Bh2 60. Kf3 Bf4 61. Kg2 Bb8 62. Kf2 Ba7+ 63. Kf3 Bb8 64. Ke4 Ba7 65. Be6 Bb8 66. Kf5 Ba7 67. Bd5 Bb8 68. Be4 Ba7 69. Ke6 Bb8 70. Kd5 Ba7 71. Kd6 Be3 72. Kd5 Bf4 1/2-1/2


[Site "https://www.chess.com"]

[Event "Titled Tuesday Blitz January 03 Late 2023"]
[White "Hernandez Sanchez, Elvis De La Caridad"]
[Black "Garcia Almaguer, Juan Manuel"]
[WhiteFideId "6400353"]
[BlackFideId "5110491"]
[WhiteElo "2243"]
[BlackElo "2090"]
[Result "0-1"]
[Round "05"]
[TimeControl "180+2"]
[Date "2023.01.03"]
[WhiteClock "0:00:16"]
[BlackClock "0:01:17"]

1. d4 Nf6 2. Nf3 e6 3. e3 d5 4. c4 c5 5. cxd5 exd5 6. Bb5+ Bd7 7. Bxd7+ Nbxd7 8. O-O Rc8 9. b3 Ne4 10. Bb2 Ndf6 11. Nbd2 Bd6 12. dxc5 Bxc5 13. Rc1 O-O 14. Nxe4 dxe4 15. Nd4 Qd5 16. Qe2 Bd6 17. Rcd1 Qg5 18. Qb5 Rc5 19. Qe2 Bxh2+ 20. Kxh2 Qh4+ 21. Kg1 Ng4 22. Qxg4 Qxg4 23. Rc1 Rg5 24. g3 Qh3 25. Ne2 Rh5 0-1


[Site "https://www.chess.com"]

[Event "Titled Tuesday Blitz January 03 Late 2023"]
[White "Mazibuko, Khanya"]
[Black "Marcolino, Daniel Mattos"]
[WhiteFideId "14321041"]
[BlackFideId "2106841"]
[WhiteElo "1913"]
[BlackElo "2006"]
[Result "1-0"]
[Round "05"]
[TimeControl "180+2"]
[Date "2023.01.03"]
[WhiteClock "0:00:47"]
[BlackClock "0:00:12"]

1. e4 c6 2. d4 d5 3. e5 c5 4. dxc5 e6 5. Be3 Nd7 6. Bb5 Ne7 7. c3 Nc6 8. Nf3 Bxc5 9. Bxc5 Nxc5 10. O-O O-O 11. Re1 Qb6 12. Qe2 a6 13. Bxc6 bxc6 14. Nbd2 Rb8 15. b4 Na4 16. Qd3 h6 17. Nb3 c5 18. bxc5 Nxc5 19. Nxc5 Qxc5 20. Nd4 Bd7 21. Qg3 Rfc8 22. Re3 Rb2 23. f4 Rcb8 24. h3 Rb1+ 25. Rxb1 Rxb1+ 26. Kh2 Qa3 27. Qh4 Bb5 28. Rg3 Qc1 29. Qd8+ Kh7 30. Rxg7+ Kxg7 31. Qf6+ Kg8 32. Nxe6 Qh1+ 33. Kg3 Qe1+ 34. Kg4 Qe2+ 35. Kh4 Qf2+ 36. Kh5 Be2+ 37. Kxh6 fxe6 38. Qg7# 1-0


[Site "https://www.chess.com"]

[Event "Titled Tuesday Blitz January 03 Late 2023"]
[White "Guevara Sanchez, Erick Marvin"]
[Black "Silva, Kaua Marques"]
[WhiteFideId "6700136"]
[BlackFideId "22701168"]
[WhiteElo "2073"]
[BlackElo "2169"]
[Result "0-1"]
[Round "05"]
[TimeControl "180+2"]
[Date "2023.01.03"]
[WhiteClock "0:00:02"]
[BlackClock "0:00:03"]

1. e4 c6 2. d4 d5 3. exd5 cxd5 4. c4 Nf6 5. Nc3 Nc6 6. Nf3 Bg4 7. c5 e6 8. Be2 Be7 9. h3 Bxf3 10. Bxf3 O-O 11. O-O Re8 12. a3 a5 13. Na4 Bf8 14. Re1 e5 15. Nb6 Nxd4 16. Nxa8 Bxc5 17. Bg5 e4 18. Be2 h6 19. Be3 Nxe2+ 20. Qxe2 Bxe3 21. Qxe3 Qxa8 22. Rad1 b5 23. Qc5 Qb7 24. Rc1 Rb8 25. Red1 Qb6 26. Qxb6 Rxb6 27. Rc5 g6 28. Rd4 Kg7 29. Kf1 h5 30. Ke2 Kf8 31. Ke3 Ke7 32. Rc7+ Ke6 33. b4 axb4 34. axb4 Nd7 35. Kd2 Ne5 36. Rc2 f5 37. Ke2 Nc4 38. Rd1 Ke5 39. Rb1 d4 40. Ra2 d3+ 41. Kd1 Kd4 42. Rb3 f4 43. Ra8 Rd6 44. Re8 e3 45. fxe3+ fxe3 46. Ke1 d2+ 47. Kd1 Rf6 48. Ke2 Rf2+ 49. Kd1 Rf1+ 50. Ke2 d1=Q# 0-1


[Site "https://www.chess.com"]

[Event "Titled Tuesday Blitz January 03 Late 2023"]
[White "Schill, William"]
[Black "Almagro Mazariegos, Sebastian"]
[WhiteFideId "2016710"]
[BlackFideId "2221640"]
[WhiteElo "2147"]
[BlackElo "2280"]
[Result "0-1"]
[Round "05"]
[TimeControl "180+2"]
[Date "2023.01.03"]
[WhiteClock "0:00:10"]
[BlackClock "0:01:14"]

1. e4 c5 2. Nf3 d6 3. d4 cxd4 4. Nxd4 Nf6 5. Nc3 a6 6. Bg5 e6 7. f4 Qb6 8. Qd2 Nc6 9. O-O-O Nxd4 10. Qxd4 Qxd4 11. Rxd4 Be7 12. Be2 Bd7 13. e5 dxe5 14. fxe5 Nd5 15. Bxe7 Nxc3 16. bxc3 Kxe7 17. Bf3 Bc6 18. Bxc6 bxc6 19. Rd6 Rac8 20. Rhd1 Rhd8 21. c4 f6 22. c5 fxe5 23. c4 e4 24. Kc2 Rf8 25. Rd7+ Kf6 26. Rf1+ Ke5 27. Rxf8 Rxf8 28. Rxg7 Rf2+ 29. Kc3 Rxa2 30. Rxh7 e3 31. Rb7 Rxg2 32. h4 Ke4 0-1


[Site "https://www.chess.com"]

[Event "Titled Tuesday Blitz January 03 Late 2023"]
[White "Aung Thant Zin"]
[Black "Gardezi, Arsal"]
[WhiteFideId "13000063"]
[BlackFideId "30949521"]
[WhiteElo "2268"]
[BlackElo "2093"]
[Result "1-0"]
[Round "05"]
[TimeControl "180+2"]
[Date "2023.01.03"]
[WhiteClock "0:00:23"]
[BlackClock "0:00:13"]

1. e4 d6 2. d4 g6 3. Nc3 Bg7 4. f4 Nd7 5. Nf3 Ngf6 6. e5 Ng8 7. e6 fxe6 8. Ng5 Ndf6 9. Bd3 Nh6 10. Nxh7 Rxh7 11. Bxg6+ Kf8 12. Bxh7 Nxh7 13. O-O Nf5 14. g4 Nxd4 15. Be3 c5 16. Qd3 Kg8 17. Ne4 Qe8 18. c3 Nc6 19. Ng3 Nf6 20. g5 Nd5 21. Bd2 a5 22. Rae1 b6 23. Rf2 Ba6 24. Qe4 Nc7 25. f5 d5 26. Qg4 Ne5 27. Rxe5 Bxe5 28. g6 d4 29. Qh5 Qc6 30. fxe6 Bf6 31. Qh7+ Kf8 32. Qf7# 1-0


[Site "https://www.chess.com"]

[Event "Titled Tuesday Blitz January 03 Late 2023"]
[White "Lutz, Igor Oscar"]
[Black "Batista, Renato Luiz"]
[WhiteFideId "2110806"]
[BlackFideId "2106540"]
[WhiteElo "1969"]
[BlackElo "2174"]
[Result "0-1"]
[Round "05"]
[TimeControl "180+2"]
[Date "2023.01.03"]
[WhiteClock "0:00:08"]
[BlackClock "0:00:43"]

1. d4 Nf6 2. c4 g6 3. Nc3 Bg7 4. e4 d6 5. Nf3 O-O 6. Be2 e5 7. Be3 Nc6 8. d5 Ne7 9. Nd2 Nd7 10. b4 f5 11. f3 f4 12. Bf2 g5 13. c5 Ng6 14. Nc4 Rf6 15. cxd6 cxd6 16. Nb5 Bf8 17. Nxa7 Nh4 18. Rg1 Rg6 19. g3 Nxf3+ 20. Bxf3 Nf6 21. gxf4 exf4 22. Nxc8 Rxc8 23. Bb6 Qe8 24. Qd4 Bg7 25. Qd3 Nd7 26. Nxd6 Rxd6 27. Bd4 Ne5 28. Bxe5 Qxe5 29. Ke2 Rc3 30. Qb5 Re3+ 31. Kf2 Qb2+ 32. Be2 h6 33. Rae1 Bd4 34. Qe8+ Kh7 35. Qf7+ Bg7 36. Qf5+ Rg6 37. h4 Qd4 38. Kf1 f3 39. h5 fxe2+ 40. Rxe2 Qd1+ 41. Kf2 Qxe2# 0-1


[Site "https://www.chess.com"]

[Event "Titled Tuesday Blitz January 03 Late 2023"]
[White "Nakamura, Hikaru"]
[Black "Kollars, Dmitrij"]
[WhiteFideId "2016192"]
[BlackFideId "12909572"]
[WhiteElo "2775"]
[BlackElo "2607"]
[Result "0-1"]
[Round "06"]
[TimeControl "180+2"]
[Date "2023.01.03"]
[WhiteClock "0:00:08"]
[BlackClock "0:00:12"]

1. Nf3 d5 2. g3 g6 3. Bg2 Bg7 4. O-O e5 5. c4 dxc4 6. Qa4+ Nc6 7. Qxc4 Nge7 8. d3 O-O 9. Nc3 Be6 10. Qa4 h6 11. Ne4 b6 12. Bd2 Nd4 13. Nxd4 exd4 14. Bb4 c5 15. Nxc5 bxc5 16. Bxc5 Rc8 17. Qxa7 Re8 18. Rfc1 Nc6 19. Qb6 Qd7 20. b4 Bd5 21. b5 Bxg2 22. Kxg2 Qd5+ 23. Kg1 Ne5 24. Qd6 Qb7 25. Qa6 Qxa6 26. bxa6 Ra8 27. a7 Nd7 28. Bb4 Rxa7 29. Kf1 Rea8 30. a3 Bf8 31. Rab1 Ne5 32. h3 Ra4 33. Kg2 R4a6 34. Bxf8 Kxf8 35. Rb4 Rd6 36. a4 Ke7 37. Rc5 Ke6 38. a5 Raa6 39. Rbb5 Nd7 40. Rc7 Rdc6 41. Rcb7 Rc2 42. Rb4 Rxe2 43. Rxd4 Ne5 44. Rb5 Kf6 45. Rdd5 Nc6 46. Rb6 Rxb6 47. axb6 Ke6 48. Rb5 Kd6 49. b7 Re8 50. d4 Rb8 51. d5 Nd8 52. Rb6+ Kxd5 53. Rb2 Ke6 54. Rd2 Ke7 55. Re2+ Ne6 56. Rd2 Rxb7 57. Ra2 Rd7 58. h4 Rd4 59. Ra8 Kf6 60. h5 gxh5 61. f4 h4 0-1


[Site "https://www.chess.com"]

[Event "Titled Tuesday Blitz January 03 Late 2023"]
[White "Dardha, Daniel"]
[Black "Caruana, Fabiano"]
[WhiteFideId "240990"]
[BlackFideId "2020009"]
[WhiteElo "2631"]
[BlackElo "2764"]
[Result "1/2-1/2"]
[Round "06"]
[TimeControl "180+2"]
[Date "2023.01.03"]
[WhiteClock "0:00:03"]
[BlackClock "0:00:11"]

1. d4 Nf6 2. Bg5 Ne4 3. h4 c5 4. dxc5 Qa5+ 5. Nd2 Nxd2 6. Qxd2 Qxc5 7. O-O-O Nc6 8. e4 d6 9. Be3 Qa5 10. Qxa5 Nxa5 11. Nf3 Nc6 12. h5 e6 13. h6 g6 14. Bb5 a6 15. Ba4 b5 16. Bb3 Na5 17. e5 dxe5 18. Nxe5 f6 19. Nd3 Nxb3+ 20. axb3 e5 21. Nc5 g5 22. Ne4 Be7 23. Nd6+ Bxd6 24. Rxd6 Kf7 25. Rhd1 Kg6 26. Rc6 Bb7 27. Rb6 Rab8 28. Rdd6 Rhf8 29. g3 Bf3 30. Rxf6+ Rxf6 31. Rxb8 Kxh6 32. Rg8 Rg6 33. Rf8 e4 34. c4 Kh5 35. c5 Kg4 36. Kd2 h5 37. Kc3 h4 38. gxh4 gxh4 39. Rf4+ Kh3 40. Kd4 Bg4 41. Rxe4 Kg2 42. Re8 h3 43. Bf4 Kxf2 44. Rh8 Kf3 45. Bd6 Bd7 46. Kd5 Rg5+ 47. Be5 Kg2 48. Kd6 Bg4 49. c6 Rg6+ 50. Kc5 Rg5 51. Kd6 Rg6+ 52. Kc5 Rg5 53. Kd6 1/2-1/2


[Site "https://www.chess.com"]

[Event "Titled Tuesday Blitz January 03 Late 2023"]
[White "Terry, Renato"]
[Black "Carlsen, Magnus"]
[WhiteFideId "3803457"]
[BlackFideId "1503014"]
[WhiteElo "2520"]
[BlackElo "2853"]
[Result "0-1"]
[Round "06"]
[TimeControl "180+2"]
[Date "2023.01.03"]
[WhiteClock "0:00:01"]
[BlackClock "0:00:07"]

1. d4 d5 2. Nf3 Bf5 3. Bf4 e6 4. e3 Bd6 5. Bd3 Ne7 6. O-O Bxf4 7. exf4 Nd7 8. c3 O-O 9. Bxf5 Nxf5 10. Nbd2 c5 11. Nb3 b6 12. Re1 Qc7 13. g3 Rac8 14. Rc1 Nd6 15. Qe2 a5 16. Nbd2 a4 17. a3 Nf6 18. Kg2 Nf5 19. Qd3 Qb7 20. h3 Rc7 21. g4 Nd6 22. Ne5 Nfe4 23. f3 Nxd2 24. Qxd2 Qa6 25. f5 exf5 26. dxc5 Nc4 27. Nxc4 dxc4 28. Qd6 Rxc5 29. Rcd1 Qc8 30. Re7 fxg4 31. hxg4 h5 32. Rd4 hxg4 33. Rxg4 Qf5 34. Re2 Rd5 35. Qxb6 Rfd8 36. Qc6 Rd2 37. Qe4 Qc5 38. Kh3 Qh5+ 39. Kg2 g6 0-1


[Site "https://www.chess.com"]

[Event "Titled Tuesday Blitz January 03 Late 2023"]
[White "Vachier-Lagrave, Maxime"]
[Black "Tang, Andrew"]
[WhiteFideId "623539"]
[BlackFideId "2059630"]
[WhiteElo "2742"]
[BlackElo "2523"]
[Result "1-0"]
[Round "06"]
[TimeControl "180+2"]
[Date "2023.01.03"]
[WhiteClock "0:00:18"]
[BlackClock "0:00:02"]

1. e4 e5 2. Nf3 Nc6 3. Bb5 g6 4. c3 a6 5. Ba4 Bg7 6. O-O b5 7. Bb3 Na5 8. Bc2 Ne7 9. Re1 O-O 10. a4 b4 11. d4 bxc3 12. dxe5 cxb2 13. Bxb2 Nc4 14. Bc3 Nc6 15. Qd5 Nb6 16. Qd3 a5 17. Na3 Re8 18. Bb3 Ba6 19. Nb5 Qe7 20. Rac1 Nxe5 21. Nxe5 Bxb5 22. Qf3 Rf8 23. Nxf7 Bc4 24. Bxc4 Nxc4 25. Bxg7 Rxf7 26. Qc3 d6 27. Bd4 Ne5 28. Bxe5 dxe5 29. Red1 Qb4 30. Qc4 Kg7 31. f3 Rb8 32. Rd5 Qb2 33. Qc3 Qxc3 34. Rxc3 Rb1+ 35. Kf2 Ra1 36. Rxa5 Rd7 37. Rxe5 Ra2+ 38. Kg3 Rdd2 39. h4 Rxg2+ 40. Kf4 Rh2 41. Rxc7+ Kh6 42. Ree7 Rxh4+ 43. Kg3 1-0


[Site "https://www.chess.com"]